Map: Светотень РВ

Players

ИИ 1 (новичок) - Winner!

  • Race: Protoss Protoss
  • Spawn Location: 5:00

talismanTV

  • Race: Terran Terran
  • League: Master
  • Spawn Location: 11:00

VOD

Have the link to the VOD?

Description

Time

  • Played on: March 9, 2021, 12:30 p.m.
  • Length: 5:45
Show
View Real Time Build Order
Export as new Build Order

ИИ 1 (новичок) Protoss - Winner!

Build Orders:  

Get SALT Encoding   

  12  0:00  Probe  
  13  0:13  Probe  
  14  0:19  Pylon  
  14  0:36  Assimilator  
  14  0:43  Gateway  
  14  0:48  Pylon  
  14  1:17  Assimilator  
  14  1:24  Zealot  
  14  1:25  Probe  
  17  1:33  Probe, Cybernetics Core  
  18  1:43  Probe  
  19  1:55  Probe  
  19  2:00  Warp Gate  
  20  2:03  Probe  
  21  2:11  Probe  
  22  2:41  Stalker  
  24  4:50  Stalker  
  24  4:53  Pylon  
  24  5:06  Probe  
  24  5:16  Pylon  
  24  5:19  Zealot  
Show
View Real Time Build Order
Export as new Build Order

talismanTV Terran 

Build Orders: 1/1/1, Liberator Opening 

Get SALT Encoding   

  12  0:00  SCV  
  13  0:12  SCV  
  14  0:17  Supply Depot  
  14  0:25  SCV  
  15  0:30  Refinery  
  15  0:39  SCV  
  16  0:44  Barracks  
  16  0:51  SCV  
  17  0:59  Refinery  
  17  1:03  SCV  
  18  1:15  SCV  
  19  1:31  Orbital Command  
  19  1:33  Factory  
  19  1:37  Barracks Reactor  
  19  1:47  Supply Depot  
  19  1:57  SCV  
  20  2:09  SCV  
  20  2:13  Marine x2  
  23  2:18  Factory Tech Lab, Starport  
  23  2:21  SCV  
  24  2:30  Supply Depot  
  24  2:31  Marine x2  
  24  2:34  SCV  
  27  2:41  Siege Tank  
  30  2:46  SCV  
  31  2:52  Marine x2  
  31  2:55  Medivac  
  35  3:04  SCV  
  36  3:06  Supply Depot  
  36  3:15  Siege Tank  
  39  3:34  Marine x2  
  39  3:36  Liberator  
  39  3:41  Supply Depot  
  44  3:57  SCV  
  44  4:00  Marine  
  44  4:01  Marine  
  50  4:02  Siege Tank  
  50  4:04  Supply Depot  
  50  4:06  Supply Depot  
  50  4:23  Marine x2  
  52  4:30  Liberator  
  55  4:33  SCV  
  55  4:36  Engineering Bay  
  56  4:40  Marine  
  57  4:49  Marine  
  57  4:50  Siege Tank  
  61  4:58  Marine  
  62  5:07  Marine  
  62  5:08  Missile Turret  
  63  5:14  Missile Turret  
  63  5:16  Marine  
  66  5:38  Command Center  
Tags
 
Add a new tag
Caveats
  • Supply blocks, unpowered buildings, or Contaminate may cause inaccurate times.
  • Supply counts are checked every 10 seconds.